 Dungeon Crawl Stone Soup version 0.30-a0-365-ge7f957f1db (webtiles) character file.

Game seed: 14450275376517137630

13 qeuew the Shooter (level 2, 22/22 HPs)
             Began as a Human Hunter on Nov 17, 2022.
             Quit the game on level 1 of the Dungeon.
             The game lasted 00:00:21 (179 turns).

qeuew the Shooter (Human Hunter)                     Turns: 179, Time: 00:00:22

Health: 22/22      AC:  3    Str: 11    XL:     2   Next: 50%
Magic:  2/2        EV: 12    Int:  9    God:
Gold:   12         SH:  0    Dex: 16    Spells: 1/1 levels left

rFire   . . .      SeeInvis .    a - +0 shortbow
rCold   . . .      Faith    .    (shield currently unavailable)
rNeg    . . .      Spirit   .    c - +0 leather armour
rPois   .          Reflect  .    (no helmet)
rElec   .          Harm     .    (no cloak)
rCorr   .          Rampage  .    (no gloves)
Will    .....                    (no boots)
Stlth   ++........               (no amulet)
HPRegen 0.23/turn                (no ring)
MPRegen 0.08/turn                (no ring)

@: no status effects
A: no striking features
a: no special abilities


You were on level 1 of the Dungeon.
You visited 1 branch of the dungeon, and saw 1 of its levels.

You collected 12 gold pieces.

Inventory:

Hand Weapons
 a - a +0 shortbow (weapon)
Armour
 c - a +0 leather armour (worn)
Scrolls
 b - 2 scrolls of immolation
 d - a scroll of identify {unknown}
 e - a scroll of noise {unknown}
 f - a scroll of teleportation {unknown}


   Skills:
 + Level 2.2 Fighting
 * Level 4.2 Ranged Weapons
 + Level 0.6 Armour
 + Level 2.2 Dodging
 - Level 1.0 Stealth


You had one spell level left.
You didn't know any spells.
Your spell library was empty.

Dungeon Overview and Level Annotations

Branches:
Dungeon (1/15)

Altars:


Message History

You shoot an arrow.
The arrow hits the hobgoblin but does no damage.
The hobgoblin closely misses you. The hobgoblin misses you.
You shoot an arrow. The arrow barely misses the hobgoblin.
The arrow hits the hobgoblin but does no damage.
The hobgoblin closely misses you.
Unknown command.
You shoot an arrow. The arrow hits the hobgoblin.
The hobgoblin is moderately wounded.
The hobgoblin completely misses you.
You shoot an arrow. The arrow hits the hobgoblin!
You kill the hobgoblin!
The hobgoblin closely misses you. The hobgoblin hits you.
You shoot an arrow. The arrow hits the hobgoblin!
You kill the hobgoblin!
No target in view!
No target in view!
No target in view!
You see here a +0 short sword of speed.
No target in view!
Unknown command.
You see here a +4 dagger.
No target in view!
f - a scroll labelled OSUERPH RA KEANU No target in view!
Found an escape hatch in the floor.
No target in view!
You now have 12 gold pieces.
A ball python comes into view.
The ball python hisses angrily.
The ball python moves out of view.
No target in view!
You shoot an arrow. The arrow hits the ball python.
You kill the ball python!
Found a stone staircase leading down.
No target in view!
A bat comes into view.
The bat moves out of view.
There is a stone staircase leading down here.
Are you sure you want to abandon this character and quit the game? (Confirm with "yes".)

####..###.### ..
............. .# ##
..###....... .##.
##...... ...
###...... ##..
#........ ...
###.###.### #.####
#...# #.# #.@..##
#.### #.#
####..###.#####.###
##..##..........
#######.#...####....
#...............[###
....†....#######.#
....###.## #.#
........#### #.#
#.#####....# #.#


There were no monsters in sight!

Vanquished Creatures
  A dart slug (D:1)
  An endoplasm (D:1)
  A goblin (D:1)
  2 hobgoblins (D:1)
  A kobold (D:1)
  A quokka (D:1)
  2 ball pythons (D:1)
9 creatures vanquished.

Notes
Turn   | Place    | Note
-------+----------+-------------------------------------------
     0 | D:1      | qeuew the Human Hunter began the quest for the Orb.
     0 | D:1      | Reached XP level 1. HP: 16/16 MP: 1/1
   112 | D:1      | Reached XP level 2. HP: 22/22 MP: 2/2
   179 | D:1      | Quit the game

Illustrated notes

Levels and vault maps discovered:
D:1:      eino_arrival_cavern_b, layout_rooms

Action                   || total
-------------------------++-------
 Fire: Shortbow          ||    28
Dodge: Dodged            ||    11

Table legend: (Time is in decaauts)
 A = Elapsed time spent in this place.
 B = Non-inter-level travel time spent in this place.
 C = Inter-level travel time spent in this place.
 D = Time resting spent in this place.
 E = Time spent auto-exploring this place.
 F = Levels seen in this place.
 G = Mean time per level.
                   A        B        C        D        E       F      G
               +--------+--------+--------+--------+--------+-----+--------+
         Total |    188 |    188 |      0 |      0 |    135 |   1 |  188.0 |
       Dungeon |    188 |    188 |      0 |      0 |    135 |   1 |  188.0 |
               +--------+--------+--------+--------+--------+-----+--------+

Top non-repeatable levels by time:
     D:1: 188 daAuts
